General information
- name: BNet
- type: Ladder team game (AT/RT)
- host: Battle.net
- saver: GhettoRockNRoll
map: GolemsInTheMist
- players: 8
- length: 27:39
- speed: Fast
- version: 1.26 W3XP
- replay type: Public
» download(220 KB)
Players
team 1 (loser)

»
unix_solo (
yellow | 42 APM | 1024 actions | 24:20)
3 Death Knight
2 Death Coil
1 Unholy Aura
2 Lich
1 Frost Nova
1 Frost Armor
2 Crypt Lord
1 Impale
1 Spiked Carapace
» actions
| Assign group hotkey | 6 | |
| Build / train | 65 | |
| Enter build submenu | 22 | |
| Enter hero's abilities submenu | 7 | |
| Give item / drop item | 1 | |
| Remove unit from queue | 4 | |
| Right click | 515 | |
| Select / deselect | 307 | |
| Select group hotkey | 15 | |
| Use ability | 82 | |
1024 total
» units
| Acolyte | 2 | |
| Ghoul | 5 | |
| Crypt Fiend | 11 | |
| Frost Wyrm | 5 | |
| Siege Engine | 2 | |
25 total
» upgrades
| Gunpowder | 3 | |
| Plating | 2 | |
| Web | 1 | |
| Barrage | 1 | |
| Freezing Breath | 1 | |
| Creature Attack | 1 | |
9 total
» buildings
| Ziggurat | 9 | |
| Crypt | 1 | |
| Graveyard | 1 | |
| Altar of Darkness | 1 | |
| Tomb of Relics | 1 | |
| Nerubian Tower | 1 | |
| Halls of the Dead | 1 | |
| Guard Tower | 1 | |
| Black Citadel | 1 | |
| Sacrificial Pit | 1 | |
| Keep | 1 | |
| Scout Tower | 9 | |
| Boneyard | 3 | |
| Castle | 1 | |
| Workshop | 4 | |
| Farm | 6 | |
| Spirit Tower | 1 | |
43 total
» build order
00:06 Ziggurat
00:13 Crypt
00:42 Graveyard
00:57 Altar of Darkness
01:23 Tomb of Relics
01:51 Ziggurat
03:44 Nerubian Tower
04:07 Halls of the Dead
04:14 Ziggurat
05:52 Guard Tower
07:23 Black Citadel
07:26 Sacrificial Pit
08:07 Keep
08:11 Scout Tower
08:12 Scout Tower
08:13 Scout Tower
08:13 Scout Tower
08:15 Scout Tower
08:17 Scout Tower
08:18 Scout Tower
08:18 Scout Tower
08:19 Scout Tower
10:47 Boneyard
10:49 Boneyard
10:50 Boneyard
11:01 Ziggurat
11:12 Castle
11:16 Workshop
11:17 Workshop
11:18 Workshop
11:53 Workshop
11:55 Farm
11:56 Farm
11:56 Farm
11:57 Farm
12:03 Farm
12:31 Ziggurat
12:33 Ziggurat
12:34 Ziggurat
13:57 Farm
14:34 Spirit Tower
19:11 Ziggurat
19:13 Ziggurat
» items
| Rod of Necromancy | 1 | |
| Dust of Appearance | 1 | |
| Potion of Healing | 2 | |
| Potion of Mana | 2 | |
| Scroll of Town Portal | 2 | |
| Orb of Corruption | 2 | |
10 total
PLAYFORFUN123 (
red | 76 APM | 1839 actions | 24:17)
5 Keeper of the Grove
1 Force of Nature
3 Entangling Roots
1 Thorns Aura
4 Demon Hunter
2 Mana Burn
2 Evasion
2 Warden
1 Shadow Strike
1 Blink
» actions
| Assign group hotkey | 69 | |
| Basic commands | 48 | |
| Build / train | 100 | |
| ESC pressed | 1 | |
| Enter build submenu | 27 | |
| Enter hero's abilities submenu | 11 | |
| Right click | 655 | |
| Select / deselect | 463 | |
| Select group hotkey | 350 | |
| Use ability | 115 | |
1839 total
» units
| Wisp | 29 | |
| Archer | 19 | |
| Hippogryph | 7 | |
| Siege Engine | 3 | |
| Glaive Thrower | 1 | |
| Chimaera | 1 | |
60 total
» upgrades
| Improved Bows | 1 | |
| Hippogryph Taming | 1 | |
| Masonry | 1 | |
| Marksmanship | 1 | |
| Strength of the Wild | 1 | |
| Strength of the Moon | 1 | |
6 total
» buildings
| Altar of Elders | 1 | |
| Moon Well | 8 | |
| Ancient of War | 2 | |
| Ancient of Wonders | 1 | |
| Tree of Ages | 1 | |
| Tree of Life | 2 | |
| Lumber Mill | 1 | |
| Ancient of Wind | 4 | |
| Guard Tower | 1 | |
| Blacksmith | 1 | |
| Tree of Eternity | 1 | |
| Hunter's Hall | 1 | |
| Chimaera Roost | 2 | |
26 total
» build order
00:13 Altar of Elders
00:34 Moon Well
01:02 Ancient of War
01:43 Moon Well
01:55 Ancient of Wonders
02:58 Tree of Ages
03:36 Ancient of War
04:08 Moon Well
04:25 Tree of Life
04:37 Lumber Mill
07:11 Ancient of Wind
07:12 Ancient of Wind
07:27 Ancient of Wind
08:30 Ancient of Wind
09:01 Moon Well
09:01 Moon Well
09:34 Moon Well
10:18 Guard Tower
10:21 Blacksmith
11:39 Tree of Eternity
11:53 Hunter's Hall
16:12 Moon Well
16:13 Moon Well
17:58 Chimaera Roost
17:58 Chimaera Roost
22:52 Tree of Life
» items
| Moonstone | 2 | |
| Lesser Clarity Potion | 1 | |
| Dust of Appearance | 4 | |
| Scroll of Town Portal | 4 | |
| Potion of Healing | 2 | |
| Scroll of Healing | 1 | |
| Staff of Preservation | 1 | |
15 total
GhettoRockNRoll (
orange | 55 APM | 1517 actions | 27:39)
5 Shadow Hunter
3 Serpent Ward
2 Hex
1 Demon Hunter
1 Mana Burn
1 Keeper of the Grove
1 Tranquility
» actions
| Assign group hotkey | 35 | |
| Basic commands | 14 | |
| Build / train | 64 | |
| ESC pressed | 1 | |
| Enter build submenu | 14 | |
| Enter hero's abilities submenu | 8 | |
| Give item / drop item | 1 | |
| Right click | 705 | |
| Select / deselect | 274 | |
| Select group hotkey | 271 | |
| Use ability | 130 | |
1517 total
» units
| Peon | 8 | |
| Goblin Zeppelin | 8 | |
| Goblin Shredder | 3 | |
| Goblin Sapper | 12 | |
| Archer | 5 | |
36 total
» upgrades
| Spiked Barricades | 3 | |
| Reinforced Defenses | 1 | |
4 total
» buildings
| Altar of Storms | 1 | |
| Orc Burrow | 4 | |
| War Mill | 1 | |
| Watch Tower | 7 | |
| Voodoo Lounge | 1 | |
| Stronghold | 1 | |
| Fortress | 1 | |
16 total
» build order
00:14 Altar of Storms
00:42 Orc Burrow
01:29 Orc Burrow
02:06 War Mill
03:14 Orc Burrow
04:18 Watch Tower
04:22 Watch Tower
04:26 Watch Tower
04:37 Voodoo Lounge
04:56 Watch Tower
06:22 Stronghold
08:33 Watch Tower
08:39 Watch Tower
09:10 Orc Burrow
09:36 Watch Tower
11:11 Fortress
» items
| Healing Salve | 2 | |
| Scroll of Speed | 5 | |
| Lesser Clarity Potion | 4 | |
| Scroll of Town Portal | 3 | |
14 total

»
liesdontfademe (
pink | 204 APM | 900 actions | 04:24)
1 Blood Mage
1 Flame Strike
» actions
| Assign group hotkey | 58 | |
| Build / train | 20 | |
| Enter build submenu | 10 | |
| Enter hero's abilities submenu | 1 | |
| Right click | 448 | |
| Select / deselect | 82 | |
| Select group hotkey | 246 | |
| Use ability | 35 | |
900 total
» units
» buildings
| Altar of Kings | 1 | |
| Farm | 4 | |
| Barracks | 1 | |
| Scout Tower | 2 | |
| Arcane Tower | 1 | |
9 total
» build order
00:14 Altar of Kings
00:21 Farm
00:56 Barracks
01:04 Farm
01:44 Farm
01:51 Scout Tower
02:21 Arcane Tower
02:40 Scout Tower
03:01 Farm
team 2 (winner)

»
RANDOM-STRATS (
purple | 68 APM | 1876 actions | 27:39)
7 Blademaster
3 Wind Walk
3 Critical Strike
1 Bladestorm
» actions
| Assign group hotkey | 16 | |
| Basic commands | 92 | |
| Build / train | 55 | |
| Enter build submenu | 22 | |
| Enter hero's abilities submenu | 7 | |
| Right click | 784 | |
| Select / deselect | 376 | |
| Select group hotkey | 417 | |
| Use ability | 107 | |
1876 total
» units
| Peon | 10 | |
| Shaman | 4 | |
| Troll Witch Doctor | 5 | |
| Spirit Walker | 2 | |
21 total
» upgrades
| Shaman Training | 2 | |
| Witch Doctor Training | 2 | |
| Spirit Walker Training | 2 | |
| Reinforced Defenses | 1 | |
7 total
» buildings
| Altar of Storms | 2 | |
| Stronghold | 3 | |
| Orc Burrow | 8 | |
| Voodoo Lounge | 2 | |
| War Mill | 1 | |
| Spirit Lodge | 3 | |
| Fortress | 4 | |
| Watch Tower | 2 | |
| Beastiary | 2 | |
| Great Hall | 1 | |
28 total
» build order
01:05 Altar of Storms
01:19 Stronghold
01:19 Stronghold
01:22 Orc Burrow
01:45 Voodoo Lounge
01:53 War Mill
03:43 Spirit Lodge
04:56 Fortress
04:56 Fortress
04:57 Fortress
05:01 Spirit Lodge
05:32 Orc Burrow
05:42 Orc Burrow
06:21 Spirit Lodge
07:33 Orc Burrow
09:49 Orc Burrow
11:16 Voodoo Lounge
11:54 Watch Tower
11:56 Watch Tower
12:09 Orc Burrow
20:30 Beastiary
20:40 Beastiary
24:05 Great Hall
26:22 Altar of Storms
26:50 Orc Burrow
27:16 Orc Burrow
» items
| Healing Salve | 2 | |
| Lesser Clarity Potion | 2 | |
| Orb of Lightning | 3 | |
| Scroll of Town Portal | 1 | |
| Scroll of Speed | 1 | |
9 total

»
av4598 (
blue | 35 APM | 979 actions | 27:39)
7 Blademaster
3 Wind Walk
3 Critical Strike
1 Bladestorm
» actions
| Assign group hotkey | 19 | |
| Basic commands | 2 | |
| Build / train | 46 | |
| Enter build submenu | 23 | |
| Enter hero's abilities submenu | 7 | |
| Remove unit from queue | 1 | |
| Right click | 349 | |
| Select / deselect | 336 | |
| Select group hotkey | 142 | |
| Use ability | 54 | |
979 total
» units
» upgrades
| Armor | 2 | |
| Ranged Weapons | 3 | |
| Envenomed Spears | 1 | |
6 total
» buildings
| Altar of Storms | 1 | |
| Orc Burrow | 8 | |
| Barracks | 1 | |
| War Mill | 2 | |
| Stronghold | 1 | |
| Beastiary | 6 | |
| Voodoo Lounge | 1 | |
| Fortress | 1 | |
21 total
» build order
00:08 Altar of Storms
00:10 Orc Burrow
01:08 Barracks
01:48 Orc Burrow
02:26 War Mill
02:43 Orc Burrow
04:03 Stronghold
04:06 Orc Burrow
05:05 Orc Burrow
06:32 Beastiary
06:45 Beastiary
07:43 Beastiary
08:54 Voodoo Lounge
09:04 Fortress
16:54 Orc Burrow
20:58 War Mill
21:46 Beastiary
21:49 Beastiary
21:54 Orc Burrow
21:58 Orc Burrow
23:03 Beastiary
» items
| Scroll of Town Portal | 1 | |
| Orb of Lightning | 1 | |
2 total
Class4Killstorm (
green | 57 APM | 1574 actions | 27:39)
7 Blademaster
3 Critical Strike
3 Wind Walk
1 Bladestorm
» actions
| Assign group hotkey | 31 | |
| Basic commands | 14 | |
| Build / train | 70 | |
| ESC pressed | 2 | |
| Enter build submenu | 26 | |
| Enter hero's abilities submenu | 6 | |
| Give item / drop item | 2 | |
| Right click | 974 | |
| Select / deselect | 177 | |
| Select group hotkey | 184 | |
| Use ability | 88 | |
1574 total
» units
| Peon | 15 | |
| Goblin Zeppelin | 20 | |
| Goblin Sapper | 1 | |
36 total
» upgrades
| Spiked Barricades | 3 | |
| Armor | 2 | |
| Reinforced Defenses | 1 | |
6 total
» buildings
| Orc Burrow | 10 | |
| Altar of Storms | 1 | |
| War Mill | 1 | |
| Voodoo Lounge | 2 | |
| Stronghold | 2 | |
| Fortress | 1 | |
| Watch Tower | 11 | |
28 total
» build order
00:21 Orc Burrow
00:39 Altar of Storms
00:57 Orc Burrow
01:10 War Mill
02:06 Orc Burrow
03:02 Voodoo Lounge
04:03 Stronghold
04:06 Orc Burrow
04:37 Orc Burrow
04:50 Orc Burrow
05:14 Orc Burrow
05:49 Orc Burrow
06:34 Fortress
10:50 Orc Burrow
20:42 Watch Tower
20:42 Watch Tower
20:43 Watch Tower
20:44 Watch Tower
20:48 Watch Tower
20:53 Watch Tower
20:55 Watch Tower
20:57 Watch Tower
20:57 Watch Tower
21:01 Watch Tower
22:14 Orc Burrow
25:57 Voodoo Lounge
27:11 Stronghold
» items
| Scroll of Regeneration | 1 | |
| Healing Salve | 2 | |
| Lesser Clarity Potion | 4 | |
| Potion of Healing | 3 | |
| Scroll of Town Portal | 1 | |
| Orb of Lightning | 1 | |
| Potion of Mana | 2 | |
| Tiny Great Hall | 1 | |
| Scroll of Speed | 1 | |
16 total
Class3Killstorm (
teal | 144 APM | 3980 actions | 27:39)
4 Blood Mage
2 Flame Strike
1 Siphon Mana
1 Banish
» actions
| Assign group hotkey | 190 | |
| Basic commands | 309 | |
| Build / train | 111 | |
| ESC pressed | 8 | |
| Enter build submenu | 47 | |
| Enter hero's abilities submenu | 4 | |
| Give item / drop item | 2 | |
| Right click | 1583 | |
| Select / deselect | 746 | |
| Select group hotkey | 864 | |
| Use ability | 116 | |
3980 total
» units
| Peasant | 30 | |
| Footman | 11 | |
| Goblin Shredder | 3 | |
| Rifleman | 1 | |
| Sorceress | 2 | |
| Priest | 2 | |
| Spell Breaker | 1 | |
| Flying Machine | 16 | |
| Mortar Team | 2 | |
68 total
» upgrades
| Swords | 2 | |
| Plating | 2 | |
| Masonry | 2 | |
| Gunpowder | 1 | |
| Flak Cannons | 1 | |
| Fragmentation Shards | 1 | |
| Flare | 1 | |
| Barrage | 1 | |
| Flying Machine Bombs | 1 | |
12 total
» buildings
| Barracks | 2 | |
| Farm | 15 | |
| Altar of Kings | 1 | |
| Arcane Vault | 2 | |
| Town Hall | 4 | |
| Lumber Mill | 1 | |
| Keep | 1 | |
| Blacksmith | 2 | |
| Arcane Sanctum | 4 | |
| Workshop | 4 | |
| Castle | 1 | |
| Scout Tower | 12 | |
| Cannon Tower | 1 | |
| Guard Tower | 6 | |
56 total
» build order
00:23 Barracks
00:34 Farm
00:41 Farm
00:49 Altar of Kings
01:40 Farm
01:56 Farm
02:17 Arcane Vault
02:36 Farm
05:03 Farm
05:05 Farm
05:33 Farm
05:53 Town Hall
06:03 Lumber Mill
07:28 Keep
08:01 Farm
08:02 Blacksmith
08:04 Blacksmith
08:50 Farm
08:53 Barracks
10:13 Arcane Sanctum
10:14 Arcane Sanctum
10:15 Arcane Sanctum
10:16 Arcane Sanctum
11:49 Arcane Vault
15:33 Workshop
15:34 Workshop
15:35 Workshop
15:36 Workshop
16:47 Town Hall
17:23 Castle
18:43 Town Hall
23:05 Town Hall
23:31 Scout Tower
23:32 Scout Tower
23:32 Scout Tower
23:33 Scout Tower
23:35 Scout Tower
23:36 Scout Tower
23:36 Scout Tower
23:57 Scout Tower
23:58 Scout Tower
23:59 Scout Tower
24:09 Farm
24:10 Farm
24:11 Farm
24:12 Farm
24:12 Farm
24:25 Cannon Tower
24:25 Guard Tower
24:26 Guard Tower
24:26 Guard Tower
25:06 Guard Tower
25:06 Guard Tower
25:42 Guard Tower
26:30 Scout Tower
26:31 Scout Tower
» items
| Scroll of Regeneration | 3 | |
| Lesser Clarity Potion | 7 | |
| Healing Salve | 2 | |
| Scroll of Speed | 2 | |
| Potion of Healing | 1 | |
| Scroll of Town Portal | 2 | |
17 total
Chat log
(00:04 / All) GhettoRockNRoll: K
(00:04 / All) Class3Killstorm: xaxa XD
(00:06 / All) Class4Killstorm: kk sweet
(00:08 / All) Class4Killstorm: ghetto plays legit
(00:11 / All) Class4Killstorm: you and me fuck around
(00:19 / All) GhettoRockNRoll: can we get heroes
(00:25 / All) Class4Killstorm: ghetto, up to you
(00:27 / All) Class3Killstorm: i like forum troll
(00:31 / All) Class3Killstorm: put another thread in the postbox baby
(00:33 / All) Class3Killstorm: idc what you do
(00:38 / All) GhettoRockNRoll: K i'll get hereos
(00:44 / All) Class4Killstorm: ONE hero, lol
(00:48 / All) GhettoRockNRoll: fine
(01:26 / All) Class4Killstorm: i like how noone else has spoken yet
(01:33 / All) Class3Killstorm: welcome to RT
(01:34 / All) Class4Killstorm: random team™ true at heart
(01:35 / All) Class3Killstorm: at one in the morning
(01:36 / All) GhettoRockNRoll: My entire team is AFK!
(01:41 / All) GhettoRockNRoll: kidding
(01:43 / All) Class4Killstorm: bullshit
(02:18 / All) Class4Killstorm: ghetto how dare you scout on a 4v4 map
(02:24 / All) Class3Killstorm: stfu hacker
(02:41 / All) Class3Killstorm: i just realized red's name
(02:43 / All) Class3Killstorm: is playforfun
(02:48 / All) Class4Killstorm: lul
(02:54 / All) GhettoRockNRoll: nice fake scout
(02:56 / All) GhettoRockNRoll: Only scouts two bases
(03:00 / All) GhettoRockNRoll: So he can say he doesn't hack
(03:07 / All) Class3Killstorm: lol
(03:10 / All) Class4Killstorm: inorite fukn hakr
(03:19 / All) GhettoRockNRoll: Was a quote from a highperch replay
(03:27 / All) Class3Killstorm: good quote
(03:28 / All) Class4Killstorm: jewmod, niggerhaetr, etc
(04:27 / All) Class3Killstorm: the fuck
(04:29 / All) GhettoRockNRoll: is he serious
(04:32 / All) Class4Killstorm: lol what
(04:36 / All) Class3Killstorm: we gonna have to remake?
(04:39 / All) RANDOM-STRATS: i pwned him
(04:42 / All) Class4Killstorm: nooooo :(
(04:42 / All) GhettoRockNRoll: Depends what your situation is like
(05:40 / Allies) unix_solo: now
(06:01 / Allies) PLAYFORFUN123: oj prolly telling them what were doing
(06:10 / Allies) GhettoRockNRoll: nope
(06:12 / Allies) GhettoRockNRoll: actually i'm not
(07:00 / All) Class4Killstorm: lol oJ
(07:04 / All) Class4Killstorm: tower creeping a zep?
(07:08 / All) GhettoRockNRoll: dam right
(07:44 / Allies) unix_solo: agin red
(08:17 / All) Class4Killstorm: fuck off pies
(08:20 / All) Class4Killstorm: youre not supposed ot see that
(08:20 / All) GhettoRockNRoll: k
(08:25 / All) GhettoRockNRoll: lol
(08:53 / Allies) unix_solo: go reed
(09:19 / Allies) unix_solo: attack out
(10:11 / Allies) GhettoRockNRoll: purp has caster
(11:20 / All) GhettoRockNRoll: Im gonna kill this rifle
(11:30 / All) Class3Killstorm: replay or it didnt happen
(11:54 / All) Class4Killstorm: damn pies stop cheating!
(12:01 / All) GhettoRockNRoll: What
(12:03 / All) GhettoRockNRoll: This is a valid tactic
(12:11 / Allies) unix_solo: red gold me
(12:16 / All) Class4Killstorm: youre supposed to be "fucking around" not" helping my team win"
(12:24 / Allies) unix_solo: lumber
(12:26 / All) GhettoRockNRoll: lol
(12:40 / All) Class4Killstorm: here about to show you something, dont attack meh
(12:46 / All) GhettoRockNRoll: owned noob ghetto lol
(12:51 / All) Class4Killstorm: watch your wards pies
(12:58 / All) Class4Killstorm: ok nvm
(13:46 / All) Class3Killstorm: i like how red's units can "fly over" the trees
(13:48 / All) Class3Killstorm: what a fucking hacker
(14:01 / All) Class4Killstorm: yeah thats bs
(14:48 / All) Class4Killstorm: lol
(14:51 / All) Class4Killstorm: reported
(14:58 / All) Class3Killstorm: good investment of 750/300
(15:01 / All) GhettoRockNRoll: kik
(15:03 / All) GhettoRockNRoll: lol
(15:07 / All) Class3Killstorm: killed 240/60 worth of buildings
(15:15 / All) GhettoRockNRoll: and purps spirit lodge
(15:22 / All) GhettoRockNRoll: one of them
(15:49 / All) Class3Killstorm: no barrage upgrade
(15:50 / All) Class3Killstorm: ftw
(16:10 / All) Class4Killstorm: lol
(16:25 / Allies) unix_solo: stop sending tanks
(16:37 / Allies) PLAYFORFUN123: send them wtf
(16:41 / Allies) unix_solo: no
(16:46 / Allies) unix_solo: wait thill theres nine
(16:46 / Allies) PLAYFORFUN123: they got nothing
(16:58 / Allies) PLAYFORFUN123: its already 2 vs 4
(17:02 / Allies) unix_solo: ok
(17:02 / Allies) PLAYFORFUN123: send the tanks
(17:03 / Allies) unix_solo: then
(17:22 / Allies) unix_solo: gold
(17:37 / All) Class3Killstorm: okay im done with red's shenanigans
(17:52 / All) GhettoRockNRoll: Whats that mean
(18:00 / All) Class3Killstorm: im hard countering his army
(18:05 / All) GhettoRockNRoll: Okay
(18:13 / All) Class4Killstorm: duh
(19:02 / All) Class3Killstorm: btw i don't know how you intend to lag out the game with zeppelins
(19:06 / All) Class3Killstorm: when each one costs 280/70
(19:06 / All) GhettoRockNRoll: yeah
(19:09 / All) GhettoRockNRoll: that
(19:10 / All) GhettoRockNRoll: isn't gonna happen
(19:11 / All) GhettoRockNRoll: At all
(19:13 / All) Class4Killstorm: it was more of a job
(19:13 / All) Class4Killstorm: lol
(19:15 / All) Class4Killstorm: joke*
(19:19 / All) GhettoRockNRoll: Figured
(19:23 / All) GhettoRockNRoll: lol
(19:26 / All) GhettoRockNRoll: Red has no fear
(19:32 / All) GhettoRockNRoll: Taking on an Official Ghetto Expansion™
(19:40 / All) Class4Killstorm: but yeah you can lag out SC games with mass carriers i heard?
(19:40 / All) Class3Killstorm: as if i care
(19:47 / All) Class3Killstorm: yeah, that's because the game engine is far infeiror
(19:49 / All) Class4Killstorm: i mean overlords
(19:53 / All) Class3Killstorm: in terms of the number of units it can handle
(19:54 / All) GhettoRockNRoll: You can lag out my starcraft td map with them lol
(20:09 / All) Class4Killstorm: i like how pink has yet to actually kill a fortress with his tanks
(20:19 / All) Class3Killstorm: and he wont kill this one either
(20:35 / All) Class4Killstorm: hey fuck off pies
(20:54 / All) GhettoRockNRoll: Shredder hararss
(22:33 / All) GhettoRockNRoll: PINK MIGHT KILL A BASE
(22:39 / All) GhettoRockNRoll: yeah nevermind
(22:41 / All) GhettoRockNRoll: false alarm guys
(22:45 / All) Class4Killstorm: lol im out of gold
(22:46 / All) GhettoRockNRoll: OR NOT HOLY SHIT
(23:01 / Allies) PLAYFORFUN123: yellos go with me
(23:27 / Allies) PLAYFORFUN123: what are u doing yellwo
(23:37 / Allies) unix_solo: all gryos
(24:12 / All) PLAYFORFUN123: yellow useless orange on other team so gg
(24:16 / All) Class3Killstorm: you're not good
(24:25 / All) GhettoRockNRoll: well
(24:29 / All) Class4Killstorm: lol
(24:33 / All) GhettoRockNRoll: I think we all know who the REAL winner here is
(24:36 / All) GhettoRockNRoll: You.
(24:38 / All) GhettoRockNRoll: The viewer.
(24:42 / All) GhettoRockNRoll: new game?
(24:44 / All) Class3Killstorm: I firmly disagree.
(24:46 / All) Class4Killstorm: yeah gg ovservers
(24:51 / All) Class4Killstorm: awww k
(24:55 / All) Class3Killstorm: purple
(24:58 / All) Class3Killstorm: how the fuck did you lose your BM
(25:05 / All) RANDOM-STRATS: damn creeps
(25:07 / All) GhettoRockNRoll: LOL
(25:10 / All) Class4Killstorm: LOL
(25:17 / All) RANDOM-STRATS: :)
(25:18 / All) Class3Killstorm: red just killed your shit
(25:21 / All) GhettoRockNRoll: red left
(25:23 / All) GhettoRockNRoll: I was controlling him
(25:25 / All) RANDOM-STRATS: orange hexed me
(25:28 / All) GhettoRockNRoll: You think red would have been able to kill it?
(25:30 / All) Class3Killstorm: got it
(25:31 / All) GhettoRockNRoll: Fuck that he wouldn't
(26:04 / All) Class4Killstorm: yeah cant tp while hexed wtf nerf that shit
(26:14 / All) Class3Killstorm: owned
(26:49 / All) Class4Killstorm: LOL TEAL NICE NO UPGRADES U NOOB HAHAHA
(27:10 / All) GhettoRockNRoll: yeah
(27:11 / All) GhettoRockNRoll: Whatever
(27:12 / All) GhettoRockNRoll: You win
(27:13 / All) GhettoRockNRoll: Lol
(27:15 / All) Class3Killstorm: ggs
(27:18 / All) GhettoRockNRoll: new?
(27:22 / All) Class3Killstorm: im gone
(27:23 / All) Class3Killstorm: so
(27:24 / All) GhettoRockNRoll: k
(27:28 / All) Class4Killstorm: pies up for another blight filled map game?
(27:31 / All) GhettoRockNRoll: Sure
(27:31 / All) GhettoRockNRoll: Lol
(27:36 / All) Class4Killstorm: k resmurfing
(27:37 / All) Class3Killstorm: okay
(27:38 / All) Class3Killstorm: have fun